 Dungeon Crawl Stone Soup version 0.32-a0-876-gcfddb08 (webtiles) character file.

Game seed: 8354523596098803043

43649 10x100 the Severer (level 13, 123/123 HPs)
             Began as a Minotaur Berserker on Mar 26, 2024.
             Was the Champion of Trog.
             Quit the game on level 4 of the Lair of Beasts on Mar 31, 2024.
             The game lasted 00:36:09 (13018 turns).

10x100 the Severer (Minotaur Berserker)            Turns: 13018, Time: 00:36:10

Health: 123/123    AC: 32    Str: 32    XL:     13   Next: 92%
Magic:  22/22      EV:  8    Int:  9    God:    Trog [******]
Gold:   1168       SH:  6    Dex: 11    Spells: 12/12 levels left

rFire   . . .        b - +0 broad axe (protect)
rCold   . . .        p - +0 buckler
rNeg    . . .        d - +0 plate armour
rPois   +            S - +3 hat of Pondering {ponderous, Will+ MP+10 Int+5}
rElec   .            w - scarf {+Inv}
rCorr   .            c - +2 pair of gloves
SInv    .            r - +2 pair of boots
Will    +....        Q - amulet of faith Stlth
                     F - +6 ring of strength
HPRegen 0.40/turn    D - ring of poison resistance
MPRegen 0.18/turn

%: faith
@: under a protective aura, slow
A: horns 2, retaliatory headbutt
a: Renounce Religion, Evoke Invisibility, Berserk, Trog's Hand, Brothers in Arms


You were on level 4 of the Lair of Beasts.
You worshipped Trog.
Trog was exalted by your worship.
You visited 3 branches of the dungeon, and saw 14 of its levels.
You also visited: Volcano.

You collected 1168 gold pieces.

Inventory:

Hand Weapons
 a - the +3 sling "Anejud" {flame, +Blink rC+}
   (You found it on level 2 of the Dungeon)

   rC+:       It protects you from cold.
   +Blink:    It lets you blink.
 b - a +0 broad axe of protection (weapon)
 C - the +8 mace of Due Proportion {freeze, *Corrode rPois Str+6 Int+2}
   (You found it on level 4 of the Dungeon)

   Str+6:     It affects your strength (+6).
   Int+2:     It affects your intelligence (+2).
   rPois:     It protects you from poison.
   *Corrode:  It may corrode you when you take damage.
 J - a +2 spear of venom
 K - the +6 mace of Inquiry {freeze, rF+ Str+3 Int+2 Dex-4}
   (You found it on level 8 of the Dungeon)

   Str+3:     It affects your strength (+3).
   Int+2:     It affects your intelligence (+2).
   Dex-4:     It affects your dexterity (-4).
   rF+:       It protects you from fire.
 O - a +0 flail of draining
Missiles
 B - 30 poisoned darts
 G - 15 boomerangs
 N - 6 silver javelins
 Y - a curare-tipped dart (quivered)
Armour
 c - a +2 pair of gloves (worn)
 d - a +0 plate armour (worn)
 p - a +0 buckler (worn)
 r - a +2 pair of boots (worn)
 w - a scarf of invisibility (worn)
 S - the +3 hat of Pondering (worn) {ponderous, Will+ MP+10 Int+5}
   (You took it off Gastronok on level 2 of the Lair of Beasts)

   Int+5:     It affects your intelligence (+5).
   Will+:     It increases your willpower.
   MP+10:     It affects your magic capacity (+10).
Jewellery
 j - a ring of protection from cold
 D - a ring of poison resistance (right hand)
 F - a +6 ring of strength (left hand)
 Q - an amulet of faith (around neck)
 V - the ring of Akisadun {MP+9 Dex+4 SInv}
   (You found it on level 9 of the Dungeon)

   [ring of magical power]

   Dex+4:     It affects your dexterity (+4).
   MP+9:      It affects your magic capacity (+9).
   SInv:      It lets you see invisible.
Wands
 v - a wand of acid (11)
 y - a wand of flame (30)
 A - a wand of polymorph (6)
 L - a wand of charming (7)
 U - a wand of digging (3)
 X - a wand of roots (6)
Scrolls
 e - 5 scrolls of noise {unknown}
 g - 5 scrolls of identify
 i - 3 scrolls of fear {unknown}
 k - 4 scrolls of immolation {unknown}
 n - a scroll of vulnerability {unknown}
 q - a scroll of amnesia {unknown}
 s - 7 scrolls of teleportation
 t - a scroll of butterflies
 u - 5 scrolls of enchant armour {unknown}
 x - 4 scrolls of enchant weapon {unknown}
 E - 2 scrolls of fog
 M - 2 scrolls of blinking
 P - 2 scrolls of poison
Potions
 f - 3 potions of heal wounds {unknown}
 h - a potion of might {unknown}
 l - 2 potions of cancellation {unknown}
 m - 6 potions of lignification
 o - 4 potions of mutation {unknown}
 z - 4 potions of curing {unknown}
 H - 2 potions of magic {unknown}
 I - a potion of berserk rage {unknown}
 R - a potion of enlightenment
 T - a potion of ambrosia
 W - 2 potions of attraction {unknown}


   Skills:
 + Level 13.7 Fighting
 - Level 17.0 Axes
 - Level 11.0 Armour
 - Level 3.0 Dodging
 - Level 11.0 Shields
 - Level 10.0 Evocations


You had 12 spell levels left.
You didn't know any spells.
Your spell library was empty.

Dungeon Overview and Level Annotations

Branches:
Dungeon (9/15)             Temple (1/1) D:6            Lair (4/5) D:9
  Swamp (0/4) Lair:2        Snake (0/4) Lair:3      Volcano (visited)
  Slime: Lair:4-5       Orc: D:9-12

Altars:
Ashenzari
Cheibriados
Dithmenos
Elyvilon
Fedhas
Gozag
Hepliaklqana
Kikubaaqudgha
Makhleb
Nemelex Xobeh
Okawaru
Qazlal
Sif Muna
Trog
Uskayaw
Vehumet
Wu Jian
Xom
Yredelemnul
Zin
The Shining One

Shops:
D:6 [


Innate Abilities, Weirdness & Mutations

You have a pair of horns on your head.
You reflexively headbutt those who attack you in melee.


Message History

You block the yak's attack.
You hit the yak.
The yak is heavily wounded.
You block the yak's attack.
You hit the yak. You headbutt the yak.
The yak is almost dead.
You block the yak's attack.
You slice the yak!!
You kill the yak!
Trog accepts your kill.
You hit the polar bear. You slash the polar bear!
Your headbutt misses the polar bear.
The polar bear is moderately wounded.
The polar bear bites you but does no damage.
The polar bear closely misses you.
The polar bear claws you but does no damage.
You hit the polar bear.
The polar bear is heavily wounded.
The polar bear bites you but does no damage.
The polar bear claws you but does no damage.
The polar bear barely misses you.
You hit the polar bear but do no damage.
The polar bear is heavily wounded.
The polar bear bites you but does no damage.
The polar bear claws you but does no damage. x2
You slash the polar bear! Your headbutt misses the polar bear.
The polar bear is severely wounded.
The polar bear goes berserk!
You slice the polar bear!!
You kill the polar bear!
Trog accepts your kill.
No target in view!
No target in view!
No target in view!
Welcome back, 10x100 the Minotaur Berserker.
Trog says: Kill them all!
Press ? for a list of commands and other information.
Are you sure you want to abandon this character and quit the game? (Confirm with "yes".)
Okay, then.
Are you sure you want to abandon this character and quit the game? (Confirm with "yes".)

...## ..... #...#
#...### #....## #
#.....# ###
#.†..## #P.
#.@..#### ####.
##.∩....# #....
##.....# ####...
#.....## ##....†#
##.....###.#.....
####...###...###
#....P...#.#
##P>....####
###.....##


There were no monsters in sight!

Vanquished Creatures
  Gastronok (Lair:2)
  An eleionoma (Lair:2)
  Snorg (Lair:3)
  Fannar (Lair:1)
  A boulder beetle (Lair:4)
  A death yak (Lair:1)
  A two-headed ogre (D:8)
  2 skeletal warriors (Volcano)
  2 skysharks
  3 anaconda skeletons (Volcano)
  An ugly thing (D:9)
  10 elephants
  An alligator skeleton (Volcano)
  5 black mambas
  Joseph (D:8)
  A torpor snail (Lair:1)
  13 cane toads
  A rime drake (Lair:4)
  4 gargoyles (Volcano)
  7 komodo dragons
  3 polar bears
  7 hornets
  3 harpy skeletons (Volcano)
  12 blink frogs
  6 wyverns
  A fire elemental (Lair:2)
  A basilisk (Lair:3)
  A human (D:7)
  49 yaks
  4 hogs (D:7)
  2 steam dragons
  3 nagas (Lair:3)
  14 water moccasins
  2 ice beasts
  A sky beast (D:6)
  4 black bears
  2 laughing skulls (Volcano)
  3 orc warriors
  4 ogres
  22 wolves
  5 centaurs
  A kobold brigand (D:7)
  10 bullfrogs
  A weeping skull (Volcano)
  A gnoll sergeant (D:8)
  6 scorpions
  8 wights
  3 spriggan skeletons (Volcano)
  4 howler monkeys
  3 hounds
  A jelly (D:8)
  2 orc priests (D:7)
  A gnoll bouda (D:4)
  2 sleepcaps
  5 iguanas
  Natasha (thrice) (D:3)
  11 orc wizards
  Ijyb (D:3)
  A naga skeleton (Volcano)
  7 adders
  5 gnolls
  2 shadow imps
  4 white imps
  2 ufetubi (D:7)
  2 dart slugs
  3 ribbon worms
  41 orcs
  9 ball pythons
  3 bats (D:1)
  5 endoplasms
  4 giant cockroaches
  4 hobgoblins
  4 jackals (D:2)
  13 kobolds
  5 quokkas
  4 frilled lizards
  5 goblins
  6 rats
399 creatures vanquished.

Notes
Turn   | Place    | Note
-------+----------+-------------------------------------------
     0 | D:1      | 10x100 the Minotaur Berserker began the quest for the Orb.
     0 | D:1      | Reached XP level 1. HP: 19/19 MP: 0/0
    83 | D:1      | Reached XP level 2. HP: 27/27 MP: 1/1
   170 | D:1      | Reached skill level 4 in Axes
   607 | D:1      | Reached ** piety under Trog
   702 | D:1      | Reached XP level 3. HP: 33/33 MP: 2/2
  1271 | D:2      | Reached skill level 1 in Shields
  1369 | D:2      | Identified the +3 sling "Anejud" {flame, +Blink rC+}
  1506 | D:2      | Reached XP level 4. HP: 40/40 MP: 3/3
  1853 | D:3      | Noticed Natasha
  1858 | D:3      | Killed Natasha
  1859 | D:3      | Reached skill level 5 in Axes
  1859 | D:3      | Reached skill level 1 in Evocations
  1951 | D:3      | Noticed Ijyb
  1963 | D:3      | Noticed Natasha
  1965 | D:3      | Killed Ijyb
  1966 | D:3      | Reached XP level 5. HP: 38/46 MP: 4/4
  1968 | D:3      | Killed Natasha
  2116 | D:3      | Noticed Natasha
  2128 | D:3      | Killed Natasha
  2197 | D:4      | Found a large runed translucent door.
  2197 | D:4      | Found a large runed translucent door.
  2268 | D:4      | Reached XP level 6. HP: 52/52 MP: 5/5
  2285 | D:4      | Identified the +8 mace of Due Proportion {freeze, *Corrode
                  | rPois Str+6 Int+2}
  2330 | D:4      | Found a large runed translucent door.
  2330 | D:4      | Found a large runed translucent door.
  2446 | D:4      | Reached *** piety under Trog
  2461 | D:4      | Reached skill level 6 in Axes
  2468 | D:4      | Reached XP level 7. HP: 48/60 MP: 6/6
  2498 | D:4      | Reached skill level 5 in Fighting
  2775 | D:4      | Reached skill level 7 in Axes
  2803 | D:4      | Found a basalt altar of Yredelemnul.
  2803 | D:4      | Found a stormy altar of Qazlal.
  2804 | D:4      | Found a glowing silver altar of Zin.
  3042 | D:4      | Found an ancient bone altar of Kikubaaqudgha.
  3201 | D:5      | Entered Level 5 of the Dungeon
  3207 | D:5      | Reached skill level 8 in Axes
  3207 | D:5      | Reached XP level 8. HP: 70/70 MP: 7/7
  3421 | D:5      | You fall into a shaft and drop 3 floors!
  3449 | D:8      | Reached skill level 9 in Axes
  3450 | D:8      | Reached **** piety under Trog
  3629 | D:8      | Noticed a two-headed ogre
  3638 | D:8      | Killed a two-headed ogre
  3639 | D:8      | Reached skill level 5 in Armour
  3639 | D:8      | Reached skill level 5 in Shields
  3639 | D:8      | Reached XP level 9. HP: 81/81 MP: 8/8
  3666 | D:8      | Identified the +6 mace of Inquiry {freeze, rF+ Str+3 Int+2
                  | Dex-4}
  3919 | D:7      | Reached skill level 10 in Axes
  4103 | D:6      | Found Qiamanekk's Armour Shop.
  4256 | D:5      | Noticed Edmund
  4257 | D:5      | Edmund changed into Edmund the wolf
  4257 | D:5      | Noticed Edmund
  4265 | D:5      | Killed Edmund the wolf
  4522 | D:6      | Reached skill level 11 in Axes
  4576 | D:6      | Identified the +1 leather armour "Luagudi" {Will++}
  5142 | D:6      | Found a staircase to the Ecumenical Temple.
  5301 | Temple   | Entered the Ecumenical Temple
  5412 | D:7      | Reached skill level 10 in Fighting
  5412 | D:7      | Reached XP level 10. HP: 87/93 MP: 9/9
  5622 | D:7      | Reached ***** piety under Trog
  5828 | D:7      | Identified the +2 leather armour "Bygamu" {rElec Str+2
                  | SInv}
  5905 | D:7      | Found an opulent altar of Gozag.
  5905 | D:7      | Found a bloodstained altar of Trog.
  6095 | D:7      | Found a shimmering blue altar of Sif Muna.
  6499 | D:8      | Noticed Joseph
  6514 | D:8      | Killed Joseph
  7085 | D:8      | Found a hazy altar of Hepliaklqana.
  7227 | D:8      | Reached skill level 12 in Axes
  7591 | D:9      | Noticed a white ugly thing
  7608 | D:9      | Killed a white ugly thing
  7789 | D:9      | Received a gift from Trog
  7810 | D:9      | Found a glowing golden altar of the Shining One.
  8070 | D:9      | Identified the ring of Akisadun {MP+9 Dex+4 SInv}
  8205 | D:9      | Found a staircase to the Lair.
  8205 | D:9      | Noticed an elephant
  8213 | D:9      | Killed an elephant
  8214 | D:9      | Reached XP level 11. HP: 102/102 MP: 10/10
  8222 | Lair:1   | Entered Level 1 of the Lair of Beasts
  8235 | Lair:1   | Reached skill level 13 in Axes
  8283 | Lair:1   | Found a dark tunnel.
  8288 | Volcano  | Entered a volcano
  8458 | Volcano  | Noticed a skeletal warrior
  8476 | Volcano  | Reached skill level 14 in Axes
  8476 | Volcano  | Killed a skeletal warrior
  8748 | Volcano  | Noticed a skeletal warrior
  8754 | Volcano  | Killed a skeletal warrior
  9282 | Lair:1   | Noticed a death yak
  9285 | Lair:1   | Reached skill level 15 in Axes
  9289 | Lair:1   | Killed a death yak
  9316 | Lair:1   | Reached XP level 12. HP: 95/112 MP: 11/11
  9423 | Lair:1   | Noticed Fannar
  9438 | Lair:1   | Killed Fannar
  9490 | Lair:1   | Found a shadowy altar of Dithmenos.
  9501 | Lair:1   | Reached skill level 10 in Armour
  9501 | Lair:1   | Reached skill level 10 in Shields
 10152 | Lair:1   | Reached skill level 16 in Axes
 10444 | Lair:2   | Noticed Gastronok
 10458 | Lair:2   | Killed Gastronok
 10624 | Lair:2   | Received a gift from Trog
 10897 | Lair:2   | Noticed an eleionoma
 10906 | Lair:2   | Killed an eleionoma
 10930 | Lair:2   | Found a staircase to the Swamp.
 11279 | Lair:2   | Reached XP level 13. HP: 117/122 MP: 12/12
 11490 | Lair:3   | Reached skill level 17 in Axes
 11493 | Lair:3   | Reached skill level 5 in Evocations
 11955 | Lair:3   | Noticed Snorg
 11965 | Lair:3   | Killed Snorg
 12033 | Lair:3   | Found a staircase to the Snake Pit.
 12592 | Lair:4   | Reached ****** piety under Trog
 12780 | Lair:4   | Reached skill level 10 in Evocations
 13018 | Lair:4   | Upgraded the game from 0.32-a0-841-g4648e6c to
                  | 0.32-a0-876-gcfddb08
 13018 | Lair:4   | Quit the game

Illustrated notes

Levels and vault maps discovered:
D:1:      minmay_arrival_radiant_lines, layout_basic, minmay_misc_feat_square,
          minmay_misc_feat_alley
D:2:      layout_loops_cross, kennysheep_generic_room_10
D:3:      layout_rooms, uniq_ijyb, uniq_natasha
D:4:      layout_rooms, nicolae_overflow_quartered_altars,
          minmay_hollow_rounded_squares
D:5:      layout_rooms, uniq_edmund
D:6:      layout_loops_corners, minmay_temple_entry_nine_rooms, serial_shops,
          nicolae_shop_window_shopping, hangedman_abyss_or_decor_stagger,
          minmay_misc_feat_rugged
D:7:      layout_loops_corners, hellmonk_sif_muna_bookshelves,
          gammafunk_temple_overflow_elements, grunt_livestock
D:8:      layout_layer_cave, nicolae_overflow_hidden_temple, uniq_joseph
D:9:      layout_loops_corners, lemuel_tele_altar,
          grunt_lair_entry_orc_guard_hut
Temple:   hellmonk_temple_flake
Lair:1:   layout_regular_city, enter_volcano_4, basic_altar, grunt_megastairs_1,
          uniq_fannar
Lair:2:   layout_gridlike, alex1729_swamp_entry_worm_eleionoma,
          lemuel_fruit_tree, uniq_gastronok
Lair:3:   layout_cave_shapes, nicolae_snake_entry_squirm, grunt_megastairs_4,
          uniq_snorg
Lair:4:   layout_hall_layers, slime_entry_1, gauntlet_entry_generic,
          dreamdust_wasp_nest

Skill      XL: |  1  2  3  4  5  6  7  8  9 10 11 12 13 |
---------------+----------------------------------------+-----
Axes           | 4 5 6 8 9 11 12 15 16 17 | 17.0
Fighting       | 4 6 8 10 11 12 13 | 13.7
Armour         | 3 5 6 8 9 11 | 11.0
Dodging        | 3 |  3.0
Shields        | 1 2 3 5 6 8 9 11 | 11.0
Evocations     | 1 3 4 10 | 10.0

Action                     |  1- 3 |  4- 6 |  7- 9 | 10-12 | 13-15 || total
---------------------------+-------+-------+-------+-------+-------++-------
  Melee: Hand axe          |    91 |    99 |    64 |       |       ||   254
         Headbutt          |    14 |    16 |    27 |   117 |    57 ||   231
         War axe           |       |       |    93 |   137 |       ||   230
         Broad axe         |       |       |       |   339 |   256 ||   595
         Mace              |       |       |       |     8 |       ||     8
   Fire: Sling             |     1 |    21 |    78 |    75 |    15 ||   190
  Throw: Dart              |       |       |     4 |     6 |     1 ||    11
 Invoke: Berserk           |       |     1 |     5 |     7 |     2 ||    15
         Trog's Hand       |       |       |       |     2 |       ||     2
Ability: Evoke Blink       |       |     1 |       |       |       ||     1
  Evoke: Wand              |       |       |     1 |       |       ||     1
    Use: Scroll            |       |       |     8 |     2 |     2 ||    12
 Armour: Plate armour      |    74 |    75 |   131 |   420 |   219 ||   919
         Animal skin       |     3 |       |       |       |       ||     3
  Dodge: Dodged            |    23 |    28 |    46 |   140 |    93 ||   330
  Block: Buckler           |     5 |    19 |    30 |   112 |    85 ||   251

Table legend: (Time is in decaauts)
 A = Elapsed time spent in this place.
 B = Non-inter-level travel time spent in this place.
 C = Inter-level travel time spent in this place.
 D = Time resting spent in this place.
 E = Time spent auto-exploring this place.
 F = Levels seen in this place.
 G = Mean time per level.
                   A        B        C        D        E       F      G
               +--------+--------+--------+--------+--------+-----+--------+
         Total |  13204 |  12730 |    474 |     60 |   9961 |  15 |  880.3 |
       Dungeon |   8322 |   7983 |    339 |     60 |   6342 |   9 |  924.7 |
        Temple |      1 |      1 |      0 |      0 |      0 |   1 |    1.0 |
          Lair |   3991 |   3857 |    134 |      0 |   2897 |   4 |  997.8 |
       Volcano |    889 |    889 |      0 |      0 |    721 |   1 |  889.0 |
               +--------+--------+--------+--------+--------+-----+--------+

Top non-repeatable levels by time:
     D:8: 1600 daAuts
  Lair:2: 1285 daAuts
     D:7: 1200 daAuts
     D:4: 1159 daAuts
  Lair:1: 1149 daAuts
     D:1: 1012 daAuts
     D:6: 965 daAuts
  Lair:3: 912 daAuts
 Volcano: 889 daAuts
     D:9: 712 daAuts
     D:2: 710 daAuts
  Lair:4: 643 daAuts
     D:5: 531 daAuts
     D:3: 429 daAuts
  Temple: 1 daAuts
